 Dungeon Crawl Stone Soup version 0.25-a0-460-g4f2eb97ec1 (webtiles) character file.

Game seed: 7587080383787912871, levelgen mode: deterministic

25610 Laukis the Blocker (level 13, -1/68 HPs)
             Began as a Gargoyle Fighter on Feb 3, 2020.
             Was the Champion of Okawaru.
             Killed from afar by an ice dragon (69 damage)
             ... with a blast of cold
             ... on level 5 of the Lair of Beasts.
             The game lasted 00:34:41 (19079 turns).

Laukis the Blocker (Gargoyle Fighter)              Turns: 19079, Time: 00:34:42

Health: -1/68      AC: 28    Str: 23    XL:     13   Next: 20%
Magic:  13/13      EV:  9    Int: 10    God:    Okawaru [******]
Gold:   822        SH: 14    Dex: 10    Spells: 12/12 levels left

rFire    + + .     SeeInvis +   K - +2 eveningstar (freeze)
rCold    x . .     Gourm    .   c - +0 shield
rNeg     + + .     Faith    +   F - +0 fire dragon scales
rPois    ∞         Spirit   .   v - +0 helmet
rElec    +         Reflect  .   E - scarf {repulsion}
rCorr    +         Harm     .   e - +0 pair of gloves
MR       .....                  N - +2 pair of boots of Mirth {*Slow rCorr SInv}
Stlth    ..........             y - amulet of faith
HPRegen  0.21/turn              A - ring of stealth
MPRegen  0.13/turn              r - ring of positive energy

@: repel missiles
A: negative energy resistance 1, electricity resistance, unbreathing,
petrification resistance, rot immunity, AC +9
a: Heroism, Finesse, Renounce Religion


You were on level 5 of the Lair of Beasts.
You worshipped Okawaru.
Okawaru was exalted by your worship.
You were not hungry.

You visited 3 branches of the dungeon, and saw 15 of its levels.

You collected 822 gold pieces.

Inventory:

Hand Weapons
 a - a +0 flail
 K - a +2 eveningstar of freezing (weapon)
Missiles
 d - 32 poisoned darts
 u - 8 curare-tipped darts (quivered)
Armour
 b - a +0 scale mail
 c - a +0 shield (worn)
 e - a +0 pair of gloves (worn)
 q - a +0 cloak
 v - a +0 helmet (worn)
 E - a scarf of repulsion (worn)
 F - +0 fire dragon scales (worn)
 N - the +2 pair of boots of Mirth (worn) {*Slow rCorr SInv}
   (Okawaru gifted it to you on level 3 of the Lair of Beasts)

   It lets you see invisible.
   It provides partial protection from all sources of acid and corrosion.
   It may slow you when you take damage.
   If you remove this armour, your AC will fall 4 points (28 -> 24)
Jewellery
 k - an uncursed amulet of the acrobat
 r - a ring of positive energy (right hand)
 x - a +2 amulet of reflection
 y - an amulet of faith (around neck)
 A - a ring of stealth (left hand)
 O - an uncursed amulet of guardian spirit {unknown}
Wands
 l - a wand of flame (18)
 G - a wand of acid (12)
 M - a wand of iceblast (13)
 Q - a wand of digging (4)
 R - a wand of paralysis (5)
Scrolls
 h - 12 scrolls of remove curse {unknown}
 i - 5 scrolls of teleportation
 j - 4 scrolls of fear {unknown}
 p - 4 scrolls of enchant armour {unknown}
 s - 2 scrolls of identify
 t - 7 scrolls of amnesia {unknown}
 w - 2 scrolls of random uselessness {unknown}
 D - a scroll of torment {unknown}
 I - a scroll of vulnerability {unknown}
 J - a scroll of magic mapping {unknown}
 L - a scroll of noise {unknown}
Potions
 g - a potion of might
 m - 6 potions of curing
 n - 2 potions of haste
 o - a potion of berserk rage
 z - 3 potions of agility
 B - 3 potions of heal wounds
 C - 2 potions of mutation {unknown}
 H - a potion of magic {unknown}
Comestibles
 f - 21 rations
 P - 3 chunks of flesh


   Skills:
 - Level 3.2 Fighting
 * Level 13.7 Maces & Flails
 + Level 11.2 Armour
 * Level 14.9 Shields


You had 12 spell levels left.
You didn't know any spells.
Your spell library contained the following spells:

 Spells                   Type           Power        Failure   Level  Hunger
 Sandblast                Erth           #.....       67%         1    ##.....
 Summon Small Mammal      Summ           #...         67%         1    ##.....
 Call Imp                 Summ           #.......     80%         2    ###....
 Corpse Rot               Necr/Air       N/A          80%         2    ###....
 Call Canine Familiar     Summ           #.......     95%         3    ####...
 Summon Guardian Golem    Hex/Summ       #.......     95%         3    ####...
 Summon Ice Beast         Ice/Summ       #.......     100%        4    #####..
 Summon Lightning Spire   Summ/Air       #.......     100%        4    #####..
 Lee's Rapid Deconstruct  Erth           #.........   100%        5    ######.
 Silence                  Hex/Air        #.........   100%        5    ######.
 Deflect Missiles         Chrm/Air       #.........   100%        6    #######


Dungeon Overview and Level Annotations

Branches:
Dungeon (9/15)             Temple (1/1) D:5            Lair (5/6) D:8
  Swamp (0/4) Lair:4        Snake (0/4) Lair:4
  Slime: Lair:5-6       Orc: D:9-12

Altars:
Ashenzari
Cheibriados
Dithmenos
Elyvilon
Fedhas
Gozag
Hepliaklqana
Kikubaaqudgha
Makhleb
Nemelex Xobeh
Okawaru
Qazlal
Ru
Sif Muna
Trog
Uskayaw
Vehumet
Wu Jian
Xom
Yredelemnul
Zin
The Shining One

Shops:
D:5 !   D:9 =

Annotations:
D:5 1 runed translucent door, ZangPog's ghost, novice MiHu
D:9 Erolcha
Lair:5 2 transporters, Docy's ghost, journeyman MiBe


Innate Abilities, Weirdness & Mutations

You are resistant to torment.
Your stone body is resilient. (AC +9)
You are immune to poison.
You resist negative energy. (rN+)
You are resistant to electric shocks. (rElec)
You can survive without breathing.
You are immune to petrification.
You are immune to rotting.


Message History

A yak comes into view.
The white imp shouts, "Slither hence, thou puny kobold-kissing maggot-pie!"
You block the white imp's attack. The white imp gestures at you.
The puff of frost hits you but does no damage.
You sock the white imp!
You kill the white imp!
Okawaru accepts your kill.
An ice dragon comes into view.
The ice dragon roars deafeningly!
You sock the white imp!
You kill the white imp!
Okawaru accepts your kill.
You hear a bellow! x2
The polar bear barely misses you. The polar bear closely misses you.
The polar bear barely misses you. The ice dragon breathes frost at you.
The blast of cold hits you!!!
You feel a terrible chill!
Ouch! That really hurt!
You die...

..##.P...P.##..# ....#
............#.## #....
............###.#.... .
.............###...# ..
...............#####....
..........#.............
..........##.....##..#
........####.........##
..........#.#...@...≈.#
.......⌠.≈≈≈...h...≈≈≈.⌠
........≈≈.≈.......≈≈≈≈.
.......≈≈≈≈.≈≈≈.≈≈≈Y.≈.≈
.......≈≈≈...≈≈○≈≈...≈≈≈
.......≈≈....≈≈D≈≈≈.≈.≈.
#........≈≈≈≈≈≈≈≈≈≈≈≈≈..
##.......≈≈≈≈≈≈≈≈≈≈≈≈≈..
##....P..≈


You could see an ice dragon, a polar bear and a yak.

Vanquished Creatures
  A two-headed ogre (D:9)
  4 death yaks
  Pikel (D:3)
  2 oklob plants (Lair:4)
  4 elephants
  3 black mambas
  7 spiny frogs
  3 komodo dragons (Lair:4)
  2 tyrant leeches (Lair:4)
  8 blink frogs (Lair:4)
  5 hippogriffs
  A spriggan (D:8)
  30 yaks
  A basilisk (Lair:3)
  A steam dragon (D:7)
  A swamp worm (Lair:4)
  8 water moccasins
  2 nagas (Lair:4)
  An orc warrior (D:8)
  15 porcupines
  4 ice beasts
  5 sky beasts
  3 black bears
  2 phantoms
  A necrophage (D:7)
  4 ogres
  13 wolves
  5 crocodiles
  2 centaurs (D:9)
  19 bullfrogs
  2 scorpions (D:7)
  9 wights
  2 howler monkeys
  5 crimson imps
  A jelly (D:8)
  A centaur skeleton (D:5)
  3 hounds
  3 orc priests
  6 orc wizards
  Terence (D:2)
  4 hell rats (Lair:2)
  3 worker ants
  Robin (D:3)
  4 gnolls (D:2)
  5 adders
  A river rat (Lair:1)
  A shadow imp (D:5)
  2 white imps (Lair:5)
  An ooze (D:3)
  An adder zombie (D:8)
  An adder skeleton (D:3)
  3 worms
  2 dart slugs
  5 leopard geckos
  13 orcs
  3 bats (D:3)
  5 giant cockroaches
  14 goblins
  7 hobgoblins
  4 jackals (D:3)
  2 kobolds
  6 quokkas
  5 frilled lizards
  A quokka zombie (D:6)
  3 rats
  2 plants
290 creatures vanquished.

Vanquished Creatures (others)
  2 orcs
  29 fungi
  5 plants
36 creatures vanquished.

Grand Total: 326 creatures vanquished

Notes
Turn   | Place    | Note
-------+----------+-------------------------------------------
     0 | D:1      | Laukis the Gargoyle Fighter began the quest for the Orb.
     0 | D:1      | Reached XP level 1. HP: 14/14 MP: 1/1
   182 | D:1      | Reached XP level 2. HP: 7/19 MP: 2/2
  1214 | D:2      | Noticed Terence
  1241 | D:2      | Killed Terence
  1241 | D:2      | Reached skill level 4 in Shields
  1241 | D:2      | Reached XP level 3. HP: 23/23 MP: 3/3
  1503 | D:2      | Reached XP level 4. HP: 20/28 MP: 4/4
  2534 | D:3      | Found an ornate altar of the Wu Jian Council.
  2796 | D:3      | Reached XP level 5. HP: 29/32 MP: 5/5
  2874 | D:3      | Noticed Robin
  2982 | D:3      | Killed Robin
  3203 | D:3      | Found a snail-covered altar of Cheibriados.
  3209 | D:3      | Found an ancient bone altar of Kikubaaqudgha.
  3210 | D:3      | Found a white marble altar of Elyvilon.
  3213 | D:3      | Found a shimmering altar of Xom.
  3480 | D:4      | Noticed a phantom
  3645 | D:4      | Reached skill level 5 in Shields
  3863 | D:4      | Killed a phantom
  3863 | D:4      | Reached XP level 6. HP: 13/37 MP: 6/6
  4096 | D:4      | Noticed a slave
  4097 | D:4      | Noticed Pikel
  4097 | D:4      | Noticed a slave
  4266 | D:4      | Noticed a slave
  4286 | D:3      | Killed Pikel
  4286 | D:3      | Reached skill level 5 in Maces & Flails
  4286 | D:3      | Reached skill level 5 in Armour
  4286 | D:3      | Reached skill level 6 in Shields
  4286 | D:3      | Reached XP level 7. HP: 23/41 MP: 7/7
  4903 | D:5      | Entered Level 5 of the Dungeon
  4908 | D:5      | Reached XP level 8. HP: 46/46 MP: 8/8
  4953 | D:5      | Found Zahim's Distillery.
  4977 | D:5      | Found a staircase to the Ecumenical Temple.
  4988 | D:5      | Reached skill level 7 in Shields
  4995 | Temple   | Entered the Ecumenical Temple
  5158 | Temple   | Became a worshipper of Warmaster Okawaru
  5293 | D:5      | Found a runed translucent door.
  5311 | D:5      | Noticed ZangPog's ghost (novice MiHu)
  5665 | D:6      | Found a blossoming altar of Fedhas.
  6233 | D:7      | Reached * piety under Okawaru
  6327 | D:7      | Reached skill level 8 in Shields
  6530 | D:7      | Reached XP level 9. HP: 34/51 MP: 9/9
  6973 | D:7      | Reached ** piety under Okawaru
  6993 | D:7      | Reached skill level 9 in Shields
  7908 | D:8      | Reached *** piety under Okawaru
  7908 | D:8      | Reached skill level 10 in Shields
  7924 | D:8      | Reached XP level 10. HP: 55/56 MP: 10/10
  7932 | D:8      | Identified the Tome of Feathery Earth
  7991 | D:8      | Found a staircase to the Lair.
  9207 | D:9      | Received a gift from Okawaru
  9327 | D:9      | Found Gyheun's Jewellery Shop.
  9332 | D:9      | Noticed a two-headed ogre
  9339 | D:9      | Noticed a cyclops
  9341 | D:9      | Killed a two-headed ogre
  9341 | D:9      | Reached **** piety under Okawaru
  9341 | D:9      | Reached skill level 10 in Maces & Flails
  9341 | D:9      | Reached skill level 11 in Shields
  9396 | D:9      | Noticed Erolcha
  9432 | Lair:1   | Entered Level 1 of the Lair of Beasts
  9780 | D:8      | Reached ***** piety under Okawaru
 10313 | Lair:1   | Noticed an elephant
 10366 | Lair:1   | Killed an elephant
 10366 | Lair:1   | Reached XP level 11. HP: 60/60 MP: 11/11
 10917 | Lair:1   | Reached skill level 12 in Shields
 11586 | D:8      | Received a gift from Okawaru
 14629 | Lair:2   | Reached skill level 13 in Shields
 15378 | Lair:3   | Received a gift from Okawaru
 15378 | Lair:3   | Reached XP level 12. HP: 45/64 MP: 12/12
 15955 | Lair:3   | Reached skill level 10 in Armour
 16470 | Lair:4   | Found a staircase to the Snake Pit.
 16528 | Lair:4   | Reached ****** piety under Okawaru
 16887 | Lair:4   | Noticed a death yak
 16916 | Lair:4   | Killed a death yak
 16916 | Lair:4   | Reached skill level 14 in Shields
 16959 | Lair:4   | Noticed a death yak
 16959 | Lair:4   | Noticed a death yak
 17002 | Lair:4   | Noticed a death yak
 17029 | Lair:3   | Killed a death yak
 17182 | Lair:3   | Killed a death yak
 17182 | Lair:3   | Received a gift from Okawaru
 17183 | Lair:3   | Got a pair of jewelled boots {god gift}
 17194 | Lair:3   | Identified the +2 pair of boots of Mirth {*Slow rCorr SInv}
                  | (Okawaru gifted it to you on level 3 of the Lair of Beasts)
 17262 | Lair:4   | Killed a death yak
 17351 | Lair:4   | Found a staircase to the Swamp.
 18224 | Lair:5   | Found a transporter.
 18303 | Lair:4   | Reached XP level 13. HP: 28/68 MP: 13/13
 18990 | Lair:5   | Found a transporter.
 18995 | Lair:5   | Noticed Docy's ghost (journeyman MiBe)
 18997 | Lair:5   | Found a bloodstained altar of Trog.
 19053 | Lair:5   | Identified the +5 demon trident "Distrelis" {distort, Str-2
                  | Int+4}
 19077 | Lair:5   | Noticed an ice dragon
 19079 | Lair:5   | Killed from afar by an ice dragon

Levels and vault maps discovered:
D:1:      dpeg_arrival_connections, layout_basic
D:2:      layout_loops_ring, uniq_terence
D:3:      layout_basic, lemuel_coloured_pillars_altar, minitemple,
          kennysheep_generic_room_11, uniq_robin
D:4:      layout_rooms, uniq_pikel
D:5:      layout_gridville, minmay_temple_entry_stoned_glass, serial_shops,
          shop_fountains, ebering_ghost_inner_flame, first_ration
D:6:      layout_basic, fedhas_ov_isle_minmay
D:7:      layout_loops_ring
D:8:      layout_basic, due_lair_maze_entry_diamond, grunt_pizzeria
D:9:      minmay_curly_fans, layout_irregular_city, serial_shops, shop,
          hex_large, uniq_erolcha
Temple:   eino_temple_scatter_basement
Lair:1:   layout_big_grid, pond, lemuel_fruit_tree, grunt_megastairs_2,
          lemuel_fruit_fields
Lair:2:   layout_regular_city
Lair:3:   layout_hall_layers, infiniplex_staircase_pool
Lair:4:   layout_small_grid, minmay_swamp_entry_worms,
          guppyfry_snake_entry_island, minmay_lair_oklob_chamber
Lair:5:   layout_long_grid, gammafunk_ghost_wrathful_warriors,
          chequers_serial_rivers_marsh, ice2_lemuel

Skill      XL: |  1  2  3  4  5  6  7  8  9 10 11 12 13 |
---------------+----------------------------------------+-----
Shields        | 4 5 6 8 10 11 13 14 | 14.9
Maces & Flails | 3 4 5 7 9 10 12 13 | 13.7
Armour         | 4 5 6 7 8 9 10 11 | 11.2
Fighting       | |  3.2

Action                   |  1- 3 |  4- 6 |  7- 9 | 10-12 | 13-15 || total
-------------------------+-------+-------+-------+-------+-------++-------
Melee: Flail             |    83 |   239 |   474 |   956 |       ||  1752
       Eveningstar       |       |       |       |   262 |    92 ||   354
Throw: Dart              |       |       |       |     7 |       ||     7
  Use: Scroll            |       |     3 |     4 |     9 |       ||    16
       Potion            |       |     1 |       |       |       ||     1
  Eat: Chunk             |     2 |     6 |    12 |    23 |     1 ||    44
       Ration            |       |     1 |       |     4 |       ||     5
Armor: Scale mail        |    47 |   119 |   205 |    38 |       ||   409
       Fire dragon scale |       |       |       |   442 |    43 ||   485
Dodge: Dodged            |    24 |    60 |    93 |   310 |    30 ||   517
Block: Shield            |    34 |   128 |   281 |   758 |    47 ||  1248
       Reflection        |       |     1 |     2 |     4 |       ||     7

Table legend:
 A = Non-vault XP
 B = Vault XP
 C = Vault XP percentage of total XP
 D = Non-vault monster count
 E = Vault monster count
 F = Vault count percentage of total count
                 A         B        C        D         E       F
            +---------+---------+-------+---------+---------+-------
      Total |   29632 |    6955 |  19.0 |     240 |      49 |  17.0
            +---------+---------+-------+---------+---------+-------
        D:1 |      23 |       0 |   0.0 |      14 |       0 |   0.0
        D:2 |      70 |      38 |  35.2 |       7 |       1 |  12.5
        D:3 |      66 |     679 |  91.1 |      23 |      14 |  37.8
        D:4 |     321 |       0 |   0.0 |       9 |       0 |   0.0
        D:5 |     355 |       0 |   0.0 |       9 |       0 |   0.0
        D:6 |     286 |       0 |   0.0 |       8 |       0 |   0.0
        D:7 |    1819 |     279 |  13.3 |      30 |       2 |   6.2
        D:8 |    1085 |    1658 |  60.4 |      14 |      12 |  46.2
        D:9 |    1049 |     899 |  46.1 |      18 |       1 |   5.3
     Lair:1 |    4251 |     841 |  16.5 |      17 |       7 |  29.2
     Lair:2 |    3533 |       0 |   0.0 |      26 |       0 |   0.0
     Lair:3 |    3754 |       0 |   0.0 |      14 |       0 |   0.0
     Lair:4 |    8638 |    2163 |  20.0 |      29 |       7 |  19.4
     Lair:5 |    4382 |     398 |   8.3 |      22 |       5 |  18.5
            +---------+---------+-------+---------+---------+-------
